Map: Lost and Found LE

Players

Snute - Winner!

  • Race: Zerg Zerg
  • Spawn Location: 1:00

McMonroe

  • Race: Zerg Zerg
  • Spawn Location: 7:00

Event: WCS Austin 2018

VOD

Have the link to the VOD?

Description

Time

  • Played on: June 1, 2018, 2:35 p.m.
  • Length: 5:23

All games in this series

Show
View Real Time Build Order
Export as new Build Order

Snute Zerg - Winner!

Build Orders: Hatch First 

Get SALT Encoding   

  12  0:00  Drone  
  13  0:12  Overlord  
  13  0:17  Drone  
  14  0:30  Drone x2  
  14  0:34  Drone  
  17  0:51  Hatchery  
  17  0:54  Drone  
  18  0:57  Drone  
  18  0:59  Extractor  
  17  1:11  Spawning Pool  
  17  1:15  Drone  
  17  1:18  Drone  
  18  1:28  Drone  
  19  1:38  Overlord  
  19  1:49  Drone  
  20  1:58  Queen  
  20  1:59  Metabolic Boost  
  22  2:03  Drone, Queen  
  22  2:05  Drone  
  26  2:11  Drone  
  26  2:14  Drone  
  28  2:22  Zergling x2  
  29  2:24  Zergling x2  
  30  2:32  Zergling x2  
  30  2:36  Hatchery  
  30  2:37  Zergling x2  
  30  2:43  Drone  
  32  2:47  Drone  
  33  2:55  Overlord  
  33  3:02  Zergling x2  
  33  3:05  Baneling Nest, Queen  
  36  3:08  Zergling x4  
  36  3:12  Overlord  
  36  3:14  Zergling x2  
  36  3:15  Zergling x8  
  36  3:19  Zergling x2  
  35  3:22  Queen  
  24  3:45  Zergling x2  
  23  3:52  Zergling x4  
  23  3:53  Baneling  
  26  3:55  Zergling x2  
  26  4:01  Zergling x2  
  26  4:02  Zergling x2  
  23  4:10  Zergling x2  
  24  4:21  Zergling x4  
  24  4:23  Zergling x2  
  26  4:26  Zergling x2  
  26  4:31  Zergling x2  
  26  4:34  Baneling  
  26  4:36  Zergling x2  
  26  4:41  Zergling x2  
  26  4:46  Zergling x2  
  26  4:49  Zergling x2  
  26  4:55  Zergling x4  
  27  5:02  Zergling x4  
  29  5:07  Baneling  
  29  5:08  Drone  
Show
View Real Time Build Order
Export as new Build Order

McMonroe Zerg 

Build Orders: Pool First 

Get SALT Encoding   

  12  0:02  Drone  
  13  0:08  Drone  
  14  0:27  Spawning Pool  
  14  0:28  Drone  
  14  0:34  Extractor  
  13  0:56  Hatchery  
  12  1:04  Overlord  
  12  1:14  Zergling x2  
  12  1:16  Zergling x2  
  14  1:25  Zergling x2  
  15  1:28  Zergling x2  
  16  1:37  Metabolic Boost  
  16  1:42  Zergling x2  
  17  1:48  Zergling x2  
  18  1:58  Zergling x2  
  19  2:07  Queen  
  19  2:08  Zergling x2  
  22  2:13  Zergling x2  
  23  2:20  Zergling x4  
  25  2:29  Overlord  
  25  2:34  Zergling x2  
  26  2:41  Zergling x2  
  27  2:48  Zergling x2  
  28  2:54  Zergling x4  
  30  3:02  Zergling x2  
  31  3:06  Zergling x2  
  31  3:13  Zergling x2  
  31  3:18  Zergling x6  
  33  3:22  Zergling x2  
  33  3:28  Zergling x4  
  33  3:37  Zergling x2  
  33  3:38  Zergling x2  
  26  3:49  Zergling x2  
  26  3:52  Zergling x2  
  27  3:58  Zergling x2  
  26  4:05  Zergling x2  
  26  4:06  Zergling x4  
  26  4:18  Zergling x8  
  28  4:24  Zergling x2  
  28  4:30  Zergling x2  
  28  4:38  Zergling x2  
  27  4:48  Zergling x6  
  27  4:52  Zergling x2  
  28  4:56  Zergling x2  
Tags
 
Add a new tag
Caveats
  • Supply blocks, unpowered buildings, or Contaminate may cause inaccurate times.
  • Supply counts are checked every 10 seconds.